 Seeded DCSS version 0.29.1-15-g9cfb28693d (webtiles) character file.

Game seed: 15822848163574757677 (custom seed)

599 kingofthe the Conjurer (level 7, 0/36 HPs)
             Began as a Deep Elf Conjurer on Mar 10, 2023.
             Was an Initiate of Sif Muna.
             Slain by Duvessa
             ... wielding a +0 rapier
              (6 damage)
             ... on level 4 of the Dungeon.
             The game lasted 00:07:52 (3967 turns).

kingofthe the Conjurer (Deep Elf Conjurer)          Turns: 3967, Time: 00:07:53

Health: 0/36       AC:  3    Str:  4    XL:     7   Next: 17%
Magic:  2/17       EV: 13    Int: 23    God:    Sif Muna [......]
Gold:   221        SH:  0    Dex: 15    Spells: 6/17 levels left

rFire   . . .      SeeInvis .   a - staff of conjuration {!a}
rCold   . . .      Faith    .   (no shield)
rNeg    . . .      Spirit   .   u - +0 robe
rPois   .          Reflect  .   (no helmet)
rElec   .          Harm     .   (no cloak)
rCorr   .          Rampage  .   j - +0 pair of gloves
Will    .....                   (no boots)
Stlth   +++.......              (no amulet)
HPRegen 0.12/turn               (no ring)
MPRegen 0.15/turn               (no ring)

@: no status effects
A: no striking features
a: Renounce Religion


You were on level 4 of the Dungeon.
You worshipped Sif Muna.
Sif Muna was noncommittal.
You visited 1 branch of the dungeon, and saw 4 of its levels.

You collected 221 gold pieces.


   Skills:
 - Level 3.5 Dodging
 - Level 4.0 Stealth
 + Level 5.7 Spellcasting
 + Level 6.0 Conjurations
 * Level 5.4 Hexes
 * Level 1.0 Poison Magic


You had 6 spell levels left.
You knew the following spells:

 Your Spells              Type           Power      Damage    Failure   Level
a - Magic Dart            Conj           100%       1d8       1%          1
b - Searing Ray           Conj           100%       2d8       1%          2
c - Foxfire               Conj/Fire      100%       2x1d9     2%          1
d - Fulminant Prism       Conj/Hex       24%        3d13      9%          4
e - Mephitic Cloud        Conj/Pois/Air  26%        N/A       10%         3

Your spell library contained the following spells:

 Spells                   Type           Power      Damage    Failure   Level
 Dazzling Flash           Conj/Hex       98%        N/A       2%          3
 Conjure Flame            Conj/Fire      30%        6-21      8%          3
 Stone Arrow              Conj/Erth      60%        3d10      8%          3
 Inner Flame              Hex/Fire       19%        N/A       9%          3
 Portal Projectile        Hex/Tloc       38%        N/A       9%          3
 Ignite Poison            Fire/Tmut/Pois 8%         N/A       22%         3
 Call Canine Familiar     Summ           6%         N/A       26%         3
 Flame Wave               Conj/Fire      30%        2d9       26%         4
 Iskenderun's Mystic Bla  Conj/Tloc      30%        2d8       26%         4
 Leda's Liquefaction      Hex/Erth       9%         N/A       28%         4
 Animate Armour           Summ/Erth      12%        N/A       65%         4
 Freezing Cloud           Conj/Ice/Air   11%        6-21      71%         5
 Lehudib's Crystal Spear  Conj/Erth      15%        10d5      100%        8

Inventory:

Missiles
 k - a throwing net {=f}
Armour
 i - the +1 ring mail "Vuekuas" {Will+ Str+3}
   (You found it on level 2 of the Dungeon)

   Str:       It affects your strength (+3).
   Will:      It increases your willpower.
 j - a +0 pair of gloves (worn)
 o - the +3 scale mail of the Viny Hot Ocelot {rElec rPois Stlth+}
   (You found it on level 3 of the Dungeon)

   rElec:     It insulates you from electricity.
   rPois:     It protects you from poison.
   Stlth:     It makes you more stealthy.
 u - a +0 robe (worn)
Magical Staves
 a - a staff of conjuration (weapon) {!a}
 b - a staff of fire {!a}
 c - a staff of cold {!a}
Wands
 p - a wand of quicksilver (3)
Scrolls
 f - 2 scrolls of vulnerability {unknown}
 g - a scroll of brand weapon {unknown}
 h - 2 scrolls of teleportation {unknown}
 q - a scroll of noise {unknown}
 s - 2 scrolls of amnesia {unknown}
 x - 6 scrolls of identify {unknown}
Potions
 d - 3 potions of haste {unknown}
 e - a potion of experience {unknown}
 l - 2 potions of mutation {unknown}
 m - a potion of flight {unknown}
 n - a potion of degeneration {unknown}
 r - a potion of curing {unknown}
 t - 2 potions of ambrosia {unknown}
 v - a potion of resistance {unknown}
 w - a potion of magic

Dungeon Overview and Level Annotations

Branches:
Dungeon (4/15)
 Temple: D:4-7

Altars:
Sif Muna
Trog
Zin

Annotations:
D:4 Dowan, Duvessa

..)........ .
............# ..
.........§v.# ...
#..........#######...#
#..........##...=....#
###..........##§ve...(.#
...............v@e......
#.............v.......
#...........#.....[...
###....###(..#######..
#####.##.#####..# #
......##.....##..#
.#######.....# ...# .#
#.....# .#... .##
#.....# ###.


You could see Duvessa (fast, ally target) and Dowan.


Message History

You feel a surge of power!
You conjure some foxfire!
The foxfire hits Duvessa!
Duvessa is severely wounded.
The foxfire hits Duvessa but does no damage.
Duvessa is severely wounded.
Duvessa says, "Practise, practise, practise!
One day you'll be as good as me." Duvessa hits you with a +0 rapier!
Duvessa misses you.
Casting: Foxfire (safe; 2% risk of failure)
Confirm with . or Enter, or press ? or * to list all spells.
You feel a surge of power!
You conjure some foxfire!
The foxfire hits Duvessa but does no damage.
Duvessa is severely wounded.
The foxfire hits Duvessa.
Duvessa is almost dead.
Duvessa hits you with a +0 rapier.
* * * LOW HITPOINT WARNING * * *
Casting: Foxfire (safe; 2% risk of failure)
Confirm with . or Enter, or press ? or * to list all spells.
You feel a surge of power!
You conjure some foxfire!
The foxfire hits Duvessa.
Duvessa is almost dead.
The foxfire hits Duvessa.
Duvessa is almost dead.
Duvessa misses you. Duvessa hits you with a +0 rapier!
* * * LOW HITPOINT WARNING * * *
Casting: Foxfire (safe; 2% risk of failure)
Confirm with . or Enter, or press ? or * to list all spells.
You feel a surge of power!
You conjure some foxfire!
The foxfire hits Dowan but does no damage.
Dowan is lightly wounded.
Duvessa hits you with a +0 rapier.
You die...

Skill      XL: |  1  2  3  4  5  6  7 |
---------------+----------------------+-----
Dodging        | 3 |  3.5
Stealth        | 3 4 |  4.0
Spellcasting   | 4 5 |  5.7
Conjurations   | 5 6 |  6.0
Hexes          | 2 3 5 |  5.4
Poison Magic   | 1 |  1.0

Action                   |  1- 3 |  4- 6 |  7- 9 || total
-------------------------+-------+-------+-------++-------
Melee: Unarmed           |       |     1 |       ||     1
 Cast: Magic Dart        |    72 |    35 |     3 ||   110
       Foxfire           |     7 |    44 |    18 ||    69
       Searing Ray       |     1 |     4 |       ||     5
Armor: Robe              |     1 |     1 |       ||     2
Dodge: Dodged            |     2 |     3 |     2 ||     7

Levels and vault maps discovered:
D:1:      heliophobic_arrival_enchanted_forest, layout_loops_ring,
          minmay_misc_feat_enclosed, minmay_tromino_v4_a
D:2:      kennysheep_big_flooded_room, layout_rooms, kennysheep_generic_room_13
D:3:      layout_loops_corners, zin_statuary, mainiacjoe_overflow_boulevard,
          mainiacjoe_overflow_six_doors_small, guppyfry_early_lair_pool,
          uniq_jessica
D:4:      layout_rooms, uniq_duvessa

Notes
Turn   | Place    | Note
-------+----------+-------------------------------------------
     0 | D:1      | kingofthe the Deep Elf Conjurer began the quest for the
                  | Orb.
     0 | D:1      | Reached XP level 1. HP: 10/10 MP: 6/6
   180 | D:1      | Reached XP level 2. HP: 15/15 MP: 4/8
   183 | D:1      | Learned a level 2 spell: Searing Ray
   438 | D:1      | Reached skill level 3 in Dodging
   679 | D:1      | Reached XP level 3. HP: 19/19 MP: 8/10
  1296 | D:2      | Identified the +1 ring mail "Vuekuas" {Will+ Str+3}
  1441 | D:2      | Reached skill level 3 in Stealth
  1593 | D:2      | Learned a level 1 spell: Foxfire
  1791 | D:3      | Reached skill level 4 in Spellcasting
  1819 | D:3      | Found a shimmering blue altar of Sif Muna.
  1834 | D:3      | Reached XP level 4. HP: 24/24 MP: 9/12
  1846 | D:3      | Learned a level 4 spell: Fulminant Prism
  1867 | D:3      | Became a worshipper of Sif Muna the Loreminder
  1911 | D:3      | Reached skill level 5 in Conjurations
  2038 | D:3      | Noticed Jessica
  2293 | D:3      | Learned a level 3 spell: Mephitic Cloud
  2299 | D:3      | Identified the +3 scale mail of the Viny Hot Ocelot {rElec
                  | rPois Stlth+}
  2311 | D:3      | Found a bloodstained altar of Trog.
  2362 | D:3      | Killed Jessica
  2363 | D:3      | Reached skill level 1 in Hexes
  2874 | D:3      | Found a glowing silver altar of Zin.
  2925 | D:4      | Noticed a scorpion
  2932 | D:4      | Killed a scorpion
  2933 | D:4      | Reached skill level 2 in Hexes
  2933 | D:4      | Reached XP level 5. HP: 28/28 MP: 7/13
  2990 | D:4      | Noticed an ogre
  2999 | D:4      | Killed an ogre
  3000 | D:4      | Reached skill level 4 in Stealth
  3000 | D:4      | Reached skill level 3 in Hexes
  3200 | D:4      | Reached skill level 5 in Spellcasting
  3200 | D:4      | Reached XP level 6. HP: 23/32 MP: 10/15
  3362 | D:4      | Reached skill level 4 in Hexes
  3696 | D:4      | Reached skill level 5 in Hexes
  3696 | D:4      | Reached XP level 7. HP: 18/36 MP: 8/17
  3950 | D:4      | Reached skill level 6 in Conjurations
  3950 | D:4      | Reached skill level 1 in Poison Magic
  3955 | D:4      | Identified the +2 buckler of the Wasteland {+Inv Dex+2
                  | Stlth-}
  3955 | D:4      | Noticed Duvessa
  3958 | D:4      | Noticed Dowan
  3967 | D:4      | Slain by Duvessa

Vanquished Creatures
  2 ogres (D:4)
  2 phantoms (D:4)
  2 scorpions (D:4)
  Jessica (D:3)
  An iguana (D:4)
  3 adders
  2 worms (D:2)
  3 dart slugs
  4 orcs (D:3)
  8 endoplasms
  A giant cockroach (D:1)
  9 goblins
  5 hobgoblins
  4 jackals (D:3)
  4 quokkas
  10 ball pythons
  3 bats
  4 frilled lizards (D:1)
  9 kobolds
  2 rats
79 creatures vanquished.

Vanquished Creatures (others)
  122 foxfires
122 creatures vanquished.

Grand Total: 201 creatures vanquished

Table legend: (Time is in decaauts)
 A = Elapsed time spent in this place.
 B = Non-inter-level travel time spent in this place.
 C = Inter-level travel time spent in this place.
 D = Time resting spent in this place.
 E = Time spent auto-exploring this place.
 F = Levels seen in this place.
 G = Mean time per level.
                   A        B        C        D        E       F      G
               +--------+--------+--------+--------+--------+-----+--------+
         Total |   3965 |   3816 |    149 |    150 |   3211 |   4 |  991.2 |
       Dungeon |   3965 |   3816 |    149 |    150 |   3211 |   4 |  991.2 |
               +--------+--------+--------+--------+--------+-----+--------+

Top non-repeatable levels by time:
     D:3: 1162 daAuts
     D:1: 1054 daAuts
     D:4: 1040 daAuts
     D:2: 709 daAuts

Table legend:
 A = Non-vault XP
 B = Vault XP
 C = Vault XP percentage of total XP
 D = Non-vault monster count
 E = Vault monster count
 F = Vault count percentage of total count
                 A         B        C        D         E       F
            +---------+---------+-------+---------+---------+-------
      Total |     807 |      50 |   5.8 |      71 |       8 |  10.1
            +---------+---------+-------+---------+---------+-------
        D:1 |      46 |       6 |  11.5 |      27 |       4 |  12.9
        D:2 |      34 |       7 |  17.1 |      10 |       3 |  23.1
        D:3 |      36 |      37 |  50.7 |      15 |       1 |   6.2
        D:4 |     691 |       0 |   0.0 |      19 |       0 |   0.0
            +---------+---------+-------+---------+---------+-------
